 Dungeon Crawl Stone Soup version 0.28-a0-261-gc0b50483a2 (webtiles) character file.

Game seed: 14641639388162531293

65 Malachi the Skirmisher (level 4, -1/42 HPs)
             Began as a Naga Fighter on Aug 27, 2021.
             Slain by a gnoll (11 damage)
             ... on level 1 of the Dungeon.
             The game lasted 00:01:23 (2215 turns).

Malachi the Skirmisher (Naga Fighter)               Turns: 2215, Time: 00:01:24

Health: -1/42      AC:  5    Str: 19    XL:     4   Next: 13%
Magic:  4/4        EV:  5    Int:  8    God:
Gold:   64         SH:  8    Dex: 11    Spells: 3/3 levels left

rFire   . . .      SeeInvis +   a - +0 trident
rCold   . . .      Faith    .   c - +0 kite shield
rNeg    . . .      Spirit   .   b - +0 scale mail
rPois   +          Reflect  .   (no helmet)
rElec   .          Harm     .   (no cloak)
rCorr   .          Rampage  .   (no gloves)
Will    .....                   (no barding)
Stlth   ..........              (no amulet)
HPRegen 0.14/turn               (no ring)
MPRegen 0.09/turn               (no ring)

@: very slow
A: AC +1, large, see invisible, deformed body, poison resistance, slowness 2,
spit poison 1, naga tail 1
a: Spit Poison


You were on level 1 of the Dungeon.
You visited 1 branch of the dungeon, and saw 2 of its levels.

You collected 64 gold pieces.

Inventory:

Hand Weapons
 a - a +0 trident (weapon)
Armour
 b - a +0 scale mail (worn)
 c - a +0 kite shield (worn)
Scrolls
 h - 3 scrolls of identify {unknown}
 j - a scroll of blinking {unknown}
 k - a scroll of enchant weapon {unknown}
Potions
 d - a potion of might
 e - a potion of haste
 f - a potion of ambrosia {unknown}
 g - a potion of degeneration {unknown}
 i - a potion of brilliance {unknown}


   Skills:
 + Level 3.3 Fighting
 + Level 2.7 Polearms
 + Level 3.1 Armour
 + Level 0.1 Dodging
 + Level 2.7 Shields


You had 3 spell levels left.
You didn't know any spells.
Your spell library contained the following spells:

 Spells                   Type           Power      Damage    Failure   Level
 Sting                    Tmut/Pois      0%         1d3       99%         1
 Summon Guardian Golem    Hex/Summ       0%         N/A       100%        3
 Fulminant Prism          Conj/Hex       0%         3d6       100%        4
 Conjure Ball Lightning   Conj/Air       0%         3x3d6     100%        6
 Orb of Destruction       Conj           0%         N/A       100%        7
 Spellforged Servitor     Conj/Summ      0%         N/A       100%        7
 Fire Storm               Conj/Fire      0%         5d1       100%        9


Dungeon Overview and Level Annotations

Branches:
Dungeon (2/15)

Altars:


Innate Abilities, Weirdness & Mutations

Your serpentine skin is tough. (AC +1)
You have supernaturally acute eyesight. (SInv)
Armour fits poorly on your strangely shaped body.
Your system is resistant to poisons. (rPois)
You cover ground very slowly.
You can spit poison.
You have a snake-like lower body.


Message History

You start resting.
HP restored.
You start waiting.
Done waiting.
You start waiting.
Done waiting.
Unknown command.
You climb downwards.
You block the gnoll's attack.
There is a stone staircase leading up, spattered with blood here.
Unknown command.
The gnoll hits you from afar with a +0 spear!
The gnoll barely misses you.
You climb upwards.
There is a stone staircase leading down here.
Unknown command.
Press: ? - help, Shift-Dir - straight line, f - gnoll
Aim: a gnoll, wielding a +0 halberd The splash of poison hits the gnoll.
The gnoll is poisoned.
The gnoll is lightly wounded.
The gnoll hits you with a +0 halberd!
Unknown command.
You hit the gnoll but do no damage.
The gnoll is lightly wounded.
You block the gnoll's attack. x2
You hit the gnoll.
The gnoll is lightly wounded.
You have got your breath back.
The gnoll hits you with a +0 halberd!
You are too injured to fight recklessly!
You hit the gnoll but do no damage.
The gnoll is lightly wounded.
The gnoll hits you with a +0 halberd!
* * * LOW HITPOINT WARNING * * *
You hit the gnoll.
The gnoll is moderately wounded.
The gnoll hits you but does no damage. The gnoll barely misses you.
You closely miss the gnoll.
The gnoll is moderately wounded.
The gnoll hits you with a +0 halberd!
You die...

#.#####.≈≈≈.........÷.#........#
#.# #.#≈##.#######..'########+
#.# #.####.# ##...........
##.#####.####.# ##.#..>####.
............#.# #......####
##............# ##.......##
#.##.##.##.### #.........##
#.##.##.##.##########...........
#[##...........@..............##
#..)....##.####g####.........###
#.##....##.####......#..........
##.###.####.#...............####.
.......# #.#............#######.
##..##.# #.#..####'##......†....
#..##.# #....##...##...........
##..##.####....#.###.#...#######.
............#..#.#8'.#...# #.


You could see a gnoll (poisoned).

Vanquished Creatures
  2 gnolls (D:2)
  An adder (D:2)
  4 bats
  3 endoplasms
  3 giant cockroaches
  3 goblins
  4 hobgoblins
  3 jackals (D:2)
  5 kobolds
  A quokka (D:1)
  3 ball pythons
  A frilled lizard (D:1)
  A rat (D:1)
34 creatures vanquished.

Notes
Turn   | Place    | Note
-------+----------+-------------------------------------------
     0 | D:1      | Malachi the Naga Fighter began the quest for the Orb.
     0 | D:1      | Reached XP level 1. HP: 21/21 MP: 1/1
   207 | D:1      | Reached XP level 2. HP: 28/28 MP: 2/2
   519 | D:1      | Got the Reference Book on Confrontation and Transformation
   952 | D:2      | Reached XP level 3. HP: 34/34 MP: 3/3
  1438 | D:2      | Reached XP level 4. HP: 24/42 MP: 4/4
  2215 | D:1      | Slain by a gnoll

Illustrated notes

Levels and vault maps discovered:
D:1:      minmay_arrival_stone_box, layout_loops_ring,
          chequers_serial_rivers_small_a, hangedman_abyss_or_decor_stabs,
          minivault_11
D:2:      layout_loops_cross, minmay_3d_cube

Skill      XL: |  1  2  3 |
---------------+----------+-----
Armour         | 3 |  3.1
Fighting       | |  3.3
Polearms       | |  2.7
Dodging        | |  0.1
Shields        | |  2.7

Action                   |  1- 3 |  4- 6 || total
-------------------------+-------+-------++-------
Melee: Trident           |   130 |    14 ||   144
 Abil: Spit Poison       |     1 |     1 ||     2
  Use: Potion            |       |     1 ||     1
Armor: Scale mail        |    55 |     4 ||    59
Dodge: Dodged            |    31 |     4 ||    35
Block: Kite shield       |    58 |    10 ||    68

Table legend: (Time is in decaauts)
 A = Elapsed time spent in this place.
 B = Non-inter-level travel time spent in this place.
 C = Inter-level travel time spent in this place.
 D = Time resting spent in this place.
 E = Time spent auto-exploring this place.
 F = Levels seen in this place.
 G = Mean time per level.
                   A        B        C        D        E       F      G
               +--------+--------+--------+--------+--------+-----+--------+
         Total |   2590 |   2561 |     29 |    725 |   1495 |   2 | 1295.0 |
       Dungeon |   2590 |   2561 |     29 |    725 |   1495 |   2 | 1295.0 |
               +--------+--------+--------+--------+--------+-----+--------+

Top non-repeatable levels by time:
     D:1: 1942 daAuts
     D:2: 648 daAuts
